 Dungeon Crawl Stone Soup version 0.30-a0-368-g86fb4627a9 (webtiles) character file.

Game seed: 2353479604506236942

2039 lunkers the Slicer (level 9, -4/63 (71) HPs)
             Began as an Armataur Reaver on Nov 19, 2022.
             Was a Believer of Uskayaw.
             Slain by Duvessa
             ... wielding a +5 short sword of draining
              (8 damage)
             ... on level 6 of the Dungeon.
             The game lasted 00:17:41 (5659 turns).

lunkers the Slicer (Armataur Reaver)                Turns: 5659, Time: 00:17:42

HP:   -4/63 (71)    AC: 11    Str: 16    XL:     9   Next: 4%
MP:   13/13         EV:  9    Int: 21    God:    Uskayaw [**....]
Gold: 211           SH:  0    Dex: 12    Spells: 10/11 levels left

rFire   . . .      SeeInvis .    b - +0 rapier (venom)
rCold   . . .      Faith    .    (no shield)
rNeg    . . .      Spirit   .    r - +2 robe {Will+}
rPois   .          Reflect  .    j - +0 helmet {Int+3}
rElec   .          Harm     .    u - +0 cloak
rCorr   .          Roll     +    p - +1 pair of gloves
Will    +....                    (no barding)
Stlth   +.........               (no amulet)
HPRegen 0.30/turn                (no ring)
MPRegen 0.13/turn                (no ring)

@: lethally poisoned (-4 -> -10), heavily drained
A: large, rugged brown scales 3, deformed body, armoured tail, roll, long
tongue, awkward tongue, clever 1, shaggy fur 1, subdued magic 1
a: Renounce Religion, Stomp, Line Pass


You were on level 6 of the Dungeon.
You worshipped Uskayaw.
Uskayaw was noncommittal.
You visited 2 branches of the dungeon, and saw 7 of its levels.

You collected 211 gold pieces.

Inventory:

Hand Weapons
 a - a +2 dagger of protection
 b - a +0 rapier of venom (weapon)
 e - a +0 long sword
 g - a +0 short sword
Armour
 c - a +0 leather armour
 j - a +0 helmet of intelligence (worn)
 p - a +1 pair of gloves (worn)
 r - a +2 robe of willpower (worn)
 u - a +0 cloak (worn)
 w - a +2 robe of fire resistance
 z - a +0 cloak
Wands
 q - a wand of quicksilver (9)
 y - a wand of flame (9)
 A - a wand of mindburst (3)
Scrolls
 f - 3 scrolls of teleportation
 i - a scroll of fear
 l - 2 scrolls of vulnerability
 n - a scroll of amnesia
 o - 3 scrolls of identify
 s - a scroll of blinking
 v - a scroll of immolation
Potions
 d - a potion of mutation
 h - a potion of degeneration
 k - 2 potions of lignification
 m - a potion of heal wounds
 t - 2 potions of attraction
 x - a potion of flight


   Skills:
 - Level 1.7 Fighting
 + Level 9.7 Short Blades
 - Level 1.3 Dodging
 - Level 1.7 Spellcasting
 - Level 2.6 Conjurations
 + Level 5.9 Invocations


You had 10 spell levels left.
You knew the following spells:

 Your Spells              Type           Power      Damage    Failure   Level
p - Kiss of Death         Conj/Necr      20%        2d7       7%          1

Your spell library contained the following spells:

 Spells                   Type           Power      Damage    Failure   Level
 Momentum Strike          Conj/Tloc      10%        3d8       11%         2
 Cigotuvi's Dreadful Rot  Necr/Pois/Air  2%         N/A       19%         2
 Poisonous Vapours        Pois/Air       2%         N/A       19%         2
 Hailstorm                Conj/Ice       5%         3d4       22%         3
 Mephitic Cloud           Conj/Pois/Air  4%         N/A       26%         3


Dungeon Overview and Level Annotations

Branches:
Dungeon (6/15)             Temple (1/1) D:4

Altars:
Ashenzari
Cheibriados
Elyvilon
Fedhas
Gozag
Hepliaklqana
Makhleb
Nemelex Xobeh
Okawaru
Qazlal
Ru
Sif Muna
Trog
Uskayaw
Wu Jian
Xom
Yredelemnul
Zin
The Shining One

Shops:
D:6 :

Annotations:
D:6 Duvessa


Innate Abilities, Weirdness & Mutations

You are completely covered in rugged brown scales. (AC +3, +7% HP)
Armour fits poorly on your strangely shaped body.
You have a long armoured tail.
You roll when moving toward enemies. (Rampage)
Your long tongue fully drains potion bottles. (2x potion effects)
Your tongue gives you trouble enunciating. (1.5x scroll delay)
Your mind is acute. (Int +4, Str/Dex -1)
You are covered in fur. (AC +1)
Your spells are a little easier to cast, but a little less powerful.


Message History

Aim: Duvessa, wielding a +5 short sword of draining and wearing a +0 leather armour (fast, 75% to hit)
The bolt of dispelling energy hits Duvessa!
Duvessa is moderately wounded.
Duvessa's magical effects unravel!
The bolt of dispelling energy hits Dowan!
Dowan is heavily wounded.
You feel very sick.
Unknown command.
You feel sick.
You feel sick.
Aiming: Quicksilver Bolt
Press: ? - help, Shift-Dir - straight line, f/p - Duvessa
Aim: Duvessa, wielding a +5 short sword of draining and wearing a +0 leather armour (moderately wounded, 75% to hit)
The bolt of dispelling energy hits Duvessa!
Duvessa is severely wounded.
The bolt of dispelling energy misses Dowan.
You feel sick.
Duvessa drinks a potion.
Duvessa is healed!
You can now pass through a line of other dancers.
Unknown command.
Dowan attacks as you move away! Dowan hits you but does no damage.
You are more poisoned.
You feel very sick. Duvessa attacks as you move away!
Duvessa hits you with a +5 short sword of draining.
* * * LOW HITPOINT WARNING * * *
You feel drained.
* * * LOW HITPOINT WARNING * * *
You feel very sick.
Aiming: Quicksilver Bolt
Press: ? - help, Shift-Dir - straight line, f/p - Duvessa
Aim: Duvessa, wielding a +5 short sword of draining and wearing a +0 leather armour (lightly wounded, 75% to hit)
The bolt of dispelling energy misses Duvessa.
The bolt of dispelling energy hits Dowan!
You kill Dowan!
Duvessa screams, "No!
How DARE you!"
Duvessa goes berserk!
You feel very sick.
Duvessa hits you with a +5 short sword of draining!
* * * LOW HITPOINT WARNING * * *
You feel drained.
You die...

.###.###.##........#..........#
...............................
..###.................#....####
...##.....................##
...##.................÷##..#
....##.....................#
..........#..#....##....#†.#
..........##.##.....#...##.####..
#..........#..)e@..##...##......#
#..............##...##...........
#...............#############....
#...............#........ ....
##..............'........ ...
###............#.≈≈S≈≈≈≈ ..
##..#.......##........ ..
######....###..≈≈≈≈≈. #####.###
#..≈..?≈.


You could see Duvessa (berserk).

Vanquished Creatures
  Pikel (D:4)
  Grinder (D:5)
  Prince Ribbit (D:5)
  Sigmund (D:5)
  3 yaks (D:6)
  An ogre (D:5)
  Dowan (D:6)
  2 howler monkeys
  An orc priest (D:5)
  3 hounds
  Jessica (D:3)
  5 iguanas
  Terence (D:3)
  3 orc wizards (D:5)
  3 adders
  A gnoll (D:1)
  A shadow imp (D:6)
  2 white imps
  3 dart slugs
  9 orcs
  10 bats
  11 endoplasms
  4 giant cockroaches
  3 goblins
  3 hobgoblins
  4 kobolds
  4 quokkas
  9 ball pythons
  6 frilled lizards
  4 rats (D:1)
102 creatures vanquished.

Vanquished Creatures (others)
  A plant (D:1)
1 creature vanquished.

Grand Total: 103 creatures vanquished

Notes
Turn   | Place    | Note
-------+----------+-------------------------------------------
     0 | D:1      | lunkers the Armataur Reaver began the quest for the Orb.
     0 | D:1      | Reached XP level 1. HP: 18/18 MP: 3/3
   136 | D:1      | You fall into a shaft and drop 1 floor!
   188 | D:2      | Reached skill level 3 in Short Blades
   288 | D:1      | Reached XP level 2. HP: 18/25 MP: 4/4
   539 | D:1      | Reached XP level 3. HP: 22/24 MP: 5/5
   769 | D:1      | Reached skill level 4 in Short Blades
  1288 | D:2      | Reached XP level 4. HP: 36/36 MP: 6/6
  1650 | D:2      | Found a faded altar of an unknown god.
  1880 | D:3      | Noticed Terence
  1886 | D:3      | Gained mutation: Your spells are a little easier to cast,
                  | but a little less powerful. [potion of mutation]
  1886 | D:3      | Gained mutation: Your mind is acute. (Int +4, Str/Dex -1)
                  | [potion of mutation]
  1886 | D:3      | Gained mutation: You are covered in fur. (AC +1) [potion of
                  | mutation]
  1902 | D:3      | Killed Terence
  2045 | D:3      | Reached skill level 5 in Short Blades
  2142 | D:3      | Noticed Jessica
  2151 | D:3      | Killed Jessica
  2152 | D:3      | Reached XP level 5. HP: 39/43 MP: 7/7
  2425 | D:3      | Found a blossoming altar of Fedhas.
  2477 | D:3      | Found a sparkling altar of Nemelex Xobeh.
  2669 | D:4      | Reached skill level 6 in Short Blades
  2941 | D:4      | Noticed a lemure
  2941 | D:4      | Noticed a lemure
  2942 | D:4      | Noticed Pikel
  2943 | D:4      | Noticed a lemure
  2943 | D:4      | Noticed a lemure
  3063 | D:4      | Killed Pikel
  3064 | D:4      | Reached skill level 8 in Short Blades
  3064 | D:4      | Reached XP level 6. HP: 19/51 MP: 2/8
  3064 | D:4      | Reached XP level 7. HP: 21/56 MP: 2/9
  3283 | D:4      | Found a staircase to the Ecumenical Temple.
  3527 | Temple   | Entered the Ecumenical Temple
  3696 | Temple   | Became a worshipper of Uskayaw the Reveller
  3740 | D:5      | Entered Level 5 of the Dungeon
  3740 | D:5      | Found a broken altar of Ashenzari.
  3866 | D:5      | Reached * piety under Uskayaw
  3870 | D:5      | Reached ** piety under Uskayaw
  3893 | D:5      | Reached *** piety under Uskayaw
  3895 | D:5      | Reached skill level 1 in Invocations
  3902 | D:5      | Reached **** piety under Uskayaw
  4261 | D:5      | Noticed Prince Ribbit
  4276 | D:5      | Killed Prince Ribbit
  4277 | D:5      | Reached XP level 8. HP: 17/64 MP: 10/10
  4710 | D:5      | Noticed Grinder
  4723 | D:5      | Paralysed by Grinder for 2 turns
  4724 | D:5      | Killed Grinder
  4806 | D:5      | Noticed Sigmund
  4818 | D:5      | Killed Sigmund
  4819 | D:5      | Reached skill level 9 in Short Blades
  5173 | D:6      | Found Tunamydgh's Book Boutique.
  5395 | D:6      | Reached skill level 5 in Invocations
  5443 | D:6      | Reached XP level 9. HP: 9/71 MP: 13/13
  5649 | D:6      | Noticed Dowan
  5650 | D:6      | Noticed Duvessa
  5659 | D:6      | Killed Dowan
  5659 | D:6      | Slain by Duvessa

Illustrated notes

Levels and vault maps discovered:
D:1:      elethiomel_arrival_maze, layout_loops_ring, serial_bayou,
          serial_bayou_pond_e, serial_bayou_pond_c, serial_bayou_ford_a,
          serial_bayou_pond_e, minmay_misc_feat_square, minmay_pentomino_x4
D:2:      layout_basic, dreamdust_ecumenical_altar_angels_and_demons
D:3:      layout_basic, mainiacjoe_overflow_two_lobes, uniq_jessica,
          uniq_terence
D:4:      layout_basic, minmay_temple_entry_overgrown, serial_corexii_hall,
          corexii_hall_statues_l, chequers_hall_statues_y, uniq_pikel
D:5:      nicolae_cairo_tiling_large, layout_loops_ring, ashenzari_altar_1,
          uniq_prince_ribbit1, uniq_grinder, uniq_sigmund
D:6:      layout_cave_pools, serial_shops, nicolae_stop_n_shop_2, shop,
          nicolae_lakefront_shop, minmay_shop_mayhem, kennysheep_small_spiral,
          nicolae_fountain_basement, uniq_duvessa
Temple:   lightli_temple_of_artemis

Skill      XL: |  1  2  3  4  5  6  7  8 |
---------------+-------------------------+-----
Short Blades   | 3 4 5 8 9 |  9.7
Invocations    | 2 5 |  5.9
Fighting       | |  1.7
Dodging        | |  1.3
Spellcasting   | |  1.7
Conjurations   | |  2.6

Action                   |  1- 3 |  4- 6 |  7- 9 || total
-------------------------+-------+-------+-------++-------
Melee: Short sword       |    71 |       |       ||    71
       Tailslap          |    17 |    22 |    23 ||    62
       Dagger            |    95 |   190 |    79 ||   364
       Punch             |       |     1 |     3 ||     4
       Rapier            |       |       |   102 ||   102
 Cast: Kiss of Death     |     2 |     5 |     1 ||     8
Evoke: Wand              |       |       |    10 ||    10
  Use: Potion            |       |     3 |     1 ||     4
       Scroll            |       |     3 |    11 ||    14
 Stab: Paralysed         |       |       |     5 ||     5
Armor: Leather armour    |    76 |    62 |       ||   138
       Skin              |       |    19 |    28 ||    47
       Robe              |       |       |    47 ||    47
Dodge: Dodged            |    75 |    42 |    33 ||   150

Table legend: (Time is in decaauts)
 A = Elapsed time spent in this place.
 B = Non-inter-level travel time spent in this place.
 C = Inter-level travel time spent in this place.
 D = Time resting spent in this place.
 E = Time spent auto-exploring this place.
 F = Levels seen in this place.
 G = Mean time per level.
                   A        B        C        D        E       F      G
               +--------+--------+--------+--------+--------+-----+--------+
         Total |   5539 |   5084 |    455 |    376 |   3784 |   7 |  791.3 |
       Dungeon |   5347 |   4910 |    437 |    313 |   3702 |   6 |  891.2 |
        Temple |    192 |    175 |     17 |     63 |     82 |   1 |  192.0 |
               +--------+--------+--------+--------+--------+-----+--------+

Top non-repeatable levels by time:
     D:5: 1272 daAuts
     D:1: 1088 daAuts
     D:3: 890 daAuts
     D:4: 860 daAuts
     D:2: 648 daAuts
     D:6: 588 daAuts
  Temple: 192 daAuts
